 Dungeon Crawl Stone Soup version 0.30-a0-778-g2ef04afb54 (webtiles) character file.

Game seed: 15394347626744603259

580 Smoke131 the Chucker (level 7, -2/67 HPs)
             Began as an Ogre Gladiator on Feb 16, 2023.
             Killed from afar by an orc wizard (9 damage)
             ... with a magic dart
             ... on level 4 of the Dungeon.
             The game lasted 00:11:21 (5063 turns).

Smoke131 the Chucker (Ogre Gladiator)               Turns: 5063, Time: 00:11:22

Health: -2/67      AC:  4    Str: 19    XL:     7   Next: 36%
Magic:  7/7        EV: 10    Int:  9    God:
Gold:   125        SH:  0    Dex: 12    Spells: 6/6 levels left

rFire   . . .      SeeInvis .    a - +0 war axe
rCold   . . .      Faith    .    (no shield)
rNeg    . . .      Spirit   .    b - +0 robe
rPois   .          Reflect  .    c - +1 hat
rElec   .          Harm     .    (no cloak)
rCorr   .          Rampage  .    (gloves unavailable)
Will    .....                    (boots unavailable)
Stlth   +                        o - amulet of the acrobat
HPRegen 0.31/turn                (no ring)
MPRegen 0.10/turn                (no ring)

@: no status effects
A: large, unfitting armour, tough skin 1
a: no special abilities


You were on level 4 of the Dungeon.
You visited 1 branch of the dungeon, and saw 4 of its levels.
You also visited: Sewer.

You collected 125 gold pieces.

Inventory:

Hand Weapons
 a - a +0 war axe (weapon)
Missiles
 d - 3 throwing nets
 e - 28 poisoned darts
 g - 10 large rocks (quivered)
 k - 60 stones
 p - 2 boomerangs
Armour
 b - a +0 robe (worn)
 c - a +1 hat (worn)
Jewellery
 h - a ring of fire
 l - a ring of poison resistance
 n - an amulet of reflection
 o - an amulet of the acrobat (around neck)
Wands
 r - a wand of charming (14)
Scrolls
 f - a scroll of immolation {unknown}
 m - 3 scrolls of teleportation
 s - a scroll of fear {unknown}
Potions
 i - a potion of lignification
 j - a potion of haste
 q - 2 potions of magic


   Skills:
 - Level 3.0 Fighting
 - Level 3.0 Axes
 + Level 7.7 Throwing
 - Level 3.0 Dodging


You had 6 spell levels left.
You didn't know any spells.
Your spell library contained the following spells:

 Spells                   Type           Power      Damage    Failure   Level
 Static Discharge         Conj/Air       0%         2-2/arc   52%         2
 Vhi's Electric Charge    Tloc/Air       0%         N/A       77%         3
 Arcjolt                  Conj/Air       0%         1d10      100%        5
 Lightning Bolt           Conj/Air       0%         1d11      100%        5


Dungeon Overview and Level Annotations

Branches:
Dungeon (4/15)              Sewer (visited)
 Temple: D:4-7

Altars:
Gozag
Kikubaaqudgha
Nemelex Xobeh
Qazlal


Innate Abilities, Weirdness & Mutations

You are too large for most types of armour.
You have tough skin. (AC +1)


Message History

The kobold shouts!
Items here: )) [ ††.
Something barely misses you.
You hear some strange, mumbled words.
Something tries to affect you, but you resist.
You hit something but do no damage. You hit something.
You hear some strange, mumbled words.
A magic dart appears from out of thin air!
The magic dart hits you. Something hits you but does no damage.
You hear some strange, mumbled words.
A puff of flame appears from out of thin air!
The puff of flame hits you! Something hits you.
You slash something! You miss something. Something hits you. x2
You hit something but do no damage. You miss something. Something hits you.
You hear some strange, mumbled words.
A magic dart appears from out of thin air!
The magic dart hits you!
You closely miss something. You miss something.
You hear some strange, mumbled words.
Something tries to affect you, but you resist.
You hear some strange, mumbled words.
A puff of flame appears from out of thin air!
The puff of flame hits you!
Something hits you but does no damage. x2
You closely miss something. You miss something. Something hits you.
Something hits you but does no damage.
You closely miss something. You miss something.
You hear some strange, mumbled words.
A magic dart appears from out of thin air!
The magic dart hits you!
* * * LOW HITPOINT WARNING * * *
You hear some strange, mumbled words.
A magic dart appears from out of thin air!
The magic dart hits you.
* * * LOW HITPOINT WARNING * * *
Something hits you.
* * * LOW HITPOINT WARNING * * *
You hear some strange, mumbled words.
A magic dart appears from out of thin air!
The magic dart hits you!
You die...

#.#####.# ###
#........
....####..##.#..
#..........#
####.....###
##...##
##..#####.#
#{)...>..#
#@#######.. #{#
.K. .....
.......
.........
+.........'
#.........##


You could see a kobold.

Vanquished Creatures
  2 ogres
  A kobold brigand (Sewer)
  A jelly (D:4)
  Robin (D:3)
  9 adders
  6 river rats
  An ufetubus (D:4)
  6 worms
  A dart slug (D:1)
  3 orcs
  3 bats
  8 endoplasms
  4 giant cockroaches
  23 goblins
  7 hobgoblins
  11 jackals
  16 kobolds
  3 quokkas
  15 ball pythons
  6 frilled lizards
  17 rats
144 creatures vanquished.

Vanquished Creatures (others)
  30 plants (Sewer)
  5 toadstools (D:4)
35 creatures vanquished.

Grand Total: 179 creatures vanquished

Notes
Turn   | Place    | Note
-------+----------+-------------------------------------------
     0 | D:1      | Smoke131 the Ogre Gladiator began the quest for the Orb.
     0 | D:1      | Reached XP level 1. HP: 22/22 MP: 1/1
    75 | D:1      | Found a faded altar of an unknown god.
   133 | D:1      | Reached XP level 2. HP: 27/31 MP: 2/2
   395 | D:1      | Reached skill level 3 in Throwing
   395 | D:1      | Reached XP level 3. HP: 37/37 MP: 3/3
  1020 | D:2      | Reached XP level 4. HP: 37/45 MP: 4/4
  1147 | D:2      | Reached skill level 4 in Throwing
  1868 | D:3      | Found an ancient bone altar of Kikubaaqudgha.
  1923 | D:3      | Noticed Robin
  1939 | D:3      | Reached XP level 5. HP: 32/53 MP: 5/5
  1953 | D:3      | Killed Robin
  2025 | D:3      | Found a faded altar of an unknown god.
  2043 | D:3      | Found a sparkling altar of Nemelex Xobeh.
  2128 | D:3      | Reached skill level 5 in Throwing
  2173 | D:3      | Found a glowing drain.
  2182 | Sewer    | Entered a sewer
  2578 | Sewer    | Noticed a kobold brigand
  2615 | Sewer    | Killed a kobold brigand
  2616 | Sewer    | Reached skill level 6 in Throwing
  2616 | Sewer    | Reached XP level 6. HP: 5/61 MP: 6/6
  3903 | D:3      | Reached skill level 7 in Throwing
  4433 | D:4      | Found a stormy altar of Qazlal.
  4513 | D:4      | Reached XP level 7. HP: 67/67 MP: 7/7
  4749 | D:3      | Found an opulent altar of Gozag.
  5063 | D:4      | Killed from afar by an orc wizard

Illustrated notes

Levels and vault maps discovered:
D:1:      minmay_arrival_hallway, layout_basic,
          nicolae_ecumenical_snake_handling, minmay_misc_feat_x
D:2:      layout_loops_corners, minmay_tiny_reverse_x
D:3:      layout_basic, general_overflow_altar,
          nicolae_overflow_ecumenical_swirl, lemuel_doored_altar,
          gup_sewer_entry_bubbles, minmay_ogre_servants, uniq_robin
D:4:      layout_loops_corners, grunt_qazlal_sundering, minmay_gold_behind_fungi

Skill      XL: |  1  2  3  4  5  6 |
---------------+-------------------+-----
Fighting       | 3 |  3.0
Dodging        | 3 |  3.0
Throwing       | 3 4 6 7 |  7.7
Axes           | |  3.0

Action                     |  1- 3 |  4- 6 |  7- 9 || total
---------------------------+-------+-------+-------++-------
  Melee: War axe           |   112 |   280 |    38 ||   430
         Punch             |       |     5 |       ||     5
  Throw: Boomerang         |       |     8 |       ||     8
         Large rock        |       |     2 |     1 ||     3
         Dart              |       |     4 |     1 ||     5
    Use: Scroll            |       |     9 |       ||     9
         Potion            |       |     5 |       ||     5
   Stab: Distracted        |       |     1 |       ||     1
         Sleeping          |       |     1 |       ||     1
 Armour: Robe              |    42 |    69 |    15 ||   126
  Dodge: Dodged            |    83 |   173 |    27 ||   283

Table legend: (Time is in decaauts)
 A = Elapsed time spent in this place.
 B = Non-inter-level travel time spent in this place.
 C = Inter-level travel time spent in this place.
 D = Time resting spent in this place.
 E = Time spent auto-exploring this place.
 F = Levels seen in this place.
 G = Mean time per level.
                   A        B        C        D        E       F      G
               +--------+--------+--------+--------+--------+-----+--------+
         Total |   5213 |   5094 |    119 |    944 |   2528 |   5 | 1042.6 |
       Dungeon |   3696 |   3577 |    119 |    278 |   2114 |   4 |  924.0 |
         Sewer |   1516 |   1516 |      0 |    666 |    414 |   1 | 1516.0 |
               +--------+--------+--------+--------+--------+-----+--------+

Top non-repeatable levels by time:
   Sewer: 1516 daAuts
     D:2: 1223 daAuts
     D:3: 1172 daAuts
     D:4: 673 daAuts
     D:1: 627 daAuts
